 Dungeon Crawl Stone Soup version 0.27.0-1-g7a089689b8 (webtiles) character file.

Game seed: 4188863647334458042

57 seveneves the Shield-Bearer (level 3, 0/33 HPs)
             Began as a Minotaur Fighter on Aug 5, 2021.
             Slain by a gnoll (2 damage)
             ... on level 2 of the Dungeon.
             The game lasted 00:02:05 (585 turns).

seveneves the Shield-Bearer (Minotaur Fighter)       Turns: 585, Time: 00:02:05

Health: 0/33       AC:  7    Str: 27    XL:     3   Next: 73%
Magic:  2/2        EV:  8    Int:  5    God:
Gold:   80         SH: 10    Dex:  9    Spells: 2/2 levels left

rFire    . . .     SeeInvis .   a - +0 long sword
rCold    . . .     Faith    .   c - +0 kite shield
rNeg     . . .     Spirit   .   b - +0 scale mail
rPois    .         Reflect  .   (helmet restricted)
rElec    .         Harm     .   (no cloak)
rCorr    .         Rampage  .   (no gloves)
Will     .....                  (no boots)
Stlth    ..........             (no amulet)
HPRegen  0.11/turn              l - +6 ring of strength
MPRegen  0.08/turn              (no ring)

@: no status effects
A: horns 2, retaliatory headbutt
a: no special abilities


You were on level 2 of the Dungeon.
You visited 1 branch of the dungeon, and saw 2 of its levels.

You collected 80 gold pieces.

Inventory:

Hand Weapons
 a - a +0 long sword (weapon)
Armour
 b - a +0 scale mail (worn)
 c - a +0 kite shield (worn)
Jewellery
 l - a +6 ring of strength (left hand)
Scrolls
 e - a scroll of immolation {unknown}
 g - a scroll of amnesia {unknown}
 h - a scroll of identify {unknown}
 i - a scroll of fear {unknown}
 j - a scroll of noise {unknown}
Potions
 d - a potion of might
 f - 2 potions of degeneration {unknown}
 k - a potion of heal wounds {unknown}


   Skills:
 + Level 4.1 Fighting
 + Level 3.1 Long Blades
 + Level 4.2 Armour
 + Level 0.1 Dodging
 + Level 4.4 Shields


You had 2 spell levels left.
You didn't know any spells.
Your spell library was empty.

Dungeon Overview and Level Annotations

Branches:
Dungeon (2/15)

Altars:


Innate Abilities, Weirdness & Mutations

You have a pair of horns on your head.
You reflexively headbutt those who attack you in melee.


Message History

A gnoll comes into view.
It is wielding a +0 flail. 3 gnolls come into view.
The gnoll shouts! x2
The gnoll moves out of view.
A frilled lizard comes into view.
The frilled lizard hisses angrily.
You block the gnoll's attack. x2
You hit the gnoll but do no damage.
The gnoll hits you from afar with a +0 halberd!
You block the gnoll's attack.
You barely miss the gnoll. The gnoll closely misses you.
The gnoll hits you with a +0 flail.
The gnoll hits you from afar with a +0 halberd.
You barely miss the gnoll. Your headbutt misses the gnoll.
The frilled lizard bites you. You block the gnoll's attack.
The gnoll hits you with a +0 club.
The frilled lizard bites you but does no damage.
You barely miss the gnoll.
The gnoll hits you from afar with a +0 halberd.
The gnoll hits you with a +0 club.
The frilled lizard bites you but does no damage.
You hit the gnoll.
You headbutt the gnoll, but do no damage.
The gnoll is heavily wounded.
The gnoll closely misses you. The gnoll hits you but does no damage.
The frilled lizard barely misses you. You furiously retaliate!
You headbutt the frilled lizard!
You kill the frilled lizard!
You block the gnoll's attack. The gnoll hits you with a +0 club.
* * * LOW HITPOINT WARNING * * *
You barely miss the gnoll. You headbutt the gnoll.
The gnoll is severely wounded.
The gnoll closely misses you. The gnoll hits you but does no damage.
You block the gnoll's attack.
You barely miss the gnoll.
The gnoll is severely wounded.
The gnoll hits you from afar with a +0 halberd.
* * * LOW HITPOINT WARNING * * *
You block the gnoll's attack. The gnoll hits you with a +0 whip.
You die...

......# ......# ...#
####### ...# ...# ...#
...# ...### ...# .....#
#################g....#
#.##..........#g....#
#..'..........@gg...#
######..........#######
.......................
######..........#######
..........#######
#########.# #.# #.# #.#


You could see 4 gnolls.

Vanquished Creatures
  A gnoll (D:1)
  2 adders (D:2)
  A dart slug (D:1)
  2 ball pythons (D:1)
  2 endoplasms (D:1)
  4 giant cockroaches
  4 hobgoblins (D:1)
  2 kobolds (D:1)
  3 quokkas
  A bat (D:1)
  2 frilled lizards
  2 rats
26 creatures vanquished.

Notes
Turn   | Place    | Note
-------+----------+-------------------------------------------
     0 | D:1      | seveneves the Minotaur Fighter began the quest for the Orb.
     0 | D:1      | Reached XP level 1. HP: 19/19 MP: 0/0
    62 | D:1      | Reached XP level 2. HP: 15/27 MP: 1/1
   355 | D:1      | Reached XP level 3. HP: 32/33 MP: 2/2
   585 | D:2      | Slain by a gnoll

Illustrated notes

Levels and vault maps discovered:
D:1:      saegor_arrival_simple_a, layout_basic
D:2:      layout_basic, basic_altar, eino_tiny_chamber

Skill      XL: |  1  2  3 |
---------------+----------+-----
Armour         | 4 |  4.2
Shields        | 4 |  4.4
Fighting       | 4 |  4.1
Long Blades    | 3 |  3.1
Dodging        | |  0.1

Action                   || total
-------------------------++-------
Melee: Long sword        ||    61
       Headbutt          ||    13
Armor: Scale mail        ||    31
Dodge: Dodged            ||    16
Block: Kite shield       ||    34
       Rpst.: Long sword ||     3
